Map: Rhoskallian LE

Players

Ekelpack

  • Race: Zerg Zerg
  • Spawn Location: 5:00

Nyck

  • Race: Terran Terran
  • Spawn Location: 6:00

Nosta

  • Race: Zerg Zerg
  • League: Diamond
  • Spawn Location: 12:00

Alkemisten

  • Race: Protoss Protoss
  • Spawn Location: 11:00

VOD

Have the link to the VOD?

Description

Time

  • Played on: Feb. 25, 2025, 2:20 p.m.
  • Length: 21:47
Show
View Real Time Build Order
Export as new Build Order

Ekelpack Zerg 

Build Orders: Hatch First 

Get SALT Encoding   

  12  0:00  Drone  
  13  0:13  Overlord  
  13  0:18  Drone  
  14  0:31  Drone  
  14  0:32  Drone  
  16  0:36  Drone  
  17  0:55  Drone  
  18  0:57  Hatchery  
  18  0:59  Extractor  
  16  1:11  Spawning Pool  
  16  1:15  Drone  
  16  1:18  Drone  
  17  1:24  Drone  
  18  1:34  Drone  
  19  1:40  Drone  
  20  1:58  Queen  
  22  2:07  Metabolic Boost  
  22  2:10  Drone, Queen  
  25  2:21  Overlord  
  25  2:26  Zergling x4  
  27  2:30  Zergling x2  
  28  2:42  Drone x3  
  31  2:53  Lair  
  31  2:54  Drone x2  
  33  2:59  Drone  
  34  3:10  Drone  
  34  3:12  Drone  
  36  3:15  Overlord, Extractor  
  36  3:19  Extractor  
  34  3:20  Drone, Extractor  
  34  3:23  Drone x2  
  36  3:39  Zergling x2  
  36  3:40  Zergling x10  
  42  3:56  Spire  
  42  3:58  Drone  
  42  3:59  Drone x2  
  44  4:04  Overlord  
  44  4:18  Overlord  
  44  4:22  Drone x5  
  49  4:26  Drone x3  
  52  4:37  Overlord  
  52  4:51  Overlord  
  52  5:07  Mutalisk x5  
  52  5:08  Mutalisk x2  
  66  5:17  Queen  
  66  5:21  Zerg Flyer Weapons Level 1  
  68  5:25  Hatchery  
  67  6:02  Mutalisk x3  
  67  6:03  Overlord x2  
  73  6:08  Overlord  
  62  6:38  Drone x4  
  62  6:39  Drone x6, Queen  
  74  7:16  Mutalisk x2  
  74  7:17  Mutalisk x7  
  88  7:27  Extractor  
  88  7:28  Extractor  
  86  7:32  Zerg Flyer Weapons Level 2  
  86  7:37  Drone  
  87  7:44  Overlord x3  
  87  7:49  Drone  
  87  7:50  Drone x2  
  90  8:02  Infestation Pit  
  90  8:03  Zergling x6, Overlord  
  90  8:04  Zergling x10  
  97  8:23  Zergling x6  
  97  8:24  Zergling x6  
  103  8:35  Pneumatized Carapace  
  103  8:38  Hive  
  103  8:39  Zergling x8  
  103  8:40  Zergling x14  
  114  8:47  Evolution Chamber  
  113  8:49  Evolution Chamber  
  112  9:10  Hatchery  
  112  9:16  Zerg Melee Weapons Level 1  
  94  10:01  Hatchery  
  94  10:05  Hydralisk Den  
  94  10:06  Zerg Missile Weapons Level 1  
  92  10:09  Overlord x7  
  92  10:10  Overlord x2  
  92  10:14  Spore Crawler  
  92  10:15  Spore Crawler  
  92  10:17  Drone x7  
  92  10:18  Drone x3  
  100  10:36  Spore Crawler  
  100  10:38  Drone x3  
  100  10:39  Drone  
  103  10:57  Hydralisk x5  
  103  10:58  Hydralisk x6  
  103  10:59  Hydralisk x4  
  133  11:15  Extractor  
  132  11:19  Extractor  
  132  11:20  Spore Crawler  
  132  11:21  Spore Crawler  
  132  11:22  Drone x3  
  132  11:23  Drone x6  
  132  11:24  Drone, Overlord  
  139  11:31  Zerg Ground Armor Level 1  
  139  11:34  Overlord x2  
  139  11:35  Overlord  
  139  11:50  Grooved Spines  
  139  11:56  Drone x3  
  139  12:00  Overlord x3  
  142  12:02  Zerg Missile Weapons Level 2  
  142  12:13  Drone  
  143  12:16  Queen  
  143  12:19  Hydralisk x3  
  143  12:20  Hydralisk x6  
  143  12:21  Hydralisk  
  165  12:40  Muscular Augments  
  165  12:59  Hydralisk x6  
  165  13:00  Hydralisk x6  
  165  13:01  Hydralisk x3  
  165  13:03  Hydralisk x2  
  199  13:24  Overseer x2  
  199  13:25  Overseer  
  167  13:56  Hydralisk x2  
  167  13:57  Hydralisk x6  
  167  13:58  Hydralisk x7  
  167  13:59  Hydralisk x6  
  167  14:00  Hydralisk  
  124  14:12  Hydralisk x5  
  124  14:13  Hydralisk x2  
  136  14:30  Hydralisk  
  136  14:31  Hydralisk x5  
  148  14:40  Zerg Missile Weapons Level 3, Zerg Ground Armor Level 2  
  148  14:45  Hydralisk x4  
  148  14:46  Hydralisk  
  148  14:48  Unknown  
  158  15:01  Hydralisk x3  
  158  15:02  Overlord x3, Hydralisk x2  
  164  15:23  Hydralisk  
  164  15:24  Hydralisk x6  
  164  15:25  Hydralisk x6  
  190  15:44  Overseer x3  
  188  16:04  Hydralisk x4  
  193  16:17  Hydralisk x2  
  193  16:18  Hydralisk  
  196  16:33  Hydralisk x3  
  199  16:44  Hydralisk  
  190  17:02  Overseer x2  
  190  17:03  Overseer  
  181  17:19  Hydralisk x3  
  181  17:20  Hydralisk x6  
  181  17:21  Hydralisk x6  
  181  17:22  Hydralisk  
  121  17:36  Hydralisk x3  
  121  17:37  Hydralisk x3  
  109  17:46  Hydralisk x2  
  101  18:01  Drone, Hydralisk x5  
  108  18:10  Hydralisk x2  
  108  18:11  Drone  
  111  18:31  Zerg Ground Armor Level 3  
  111  18:32  Zerg Melee Weapons Level 2  
  111  18:33  Ultralisk Cavern  
  111  18:34  Zergling x12  
  116  18:42  Zergling x2  
  116  18:43  Zergling x4  
  111  19:36  Zergling x6  
  111  19:37  Zergling x12  
  119  19:41  Adrenal Glands  
  119  19:49  Overlord x2  
  108  20:16  Hatchery  
  55  20:23  Zergling x8  
  55  20:24  Zergling x12  
  55  20:25  Zergling x14  
  55  20:26  Zergling x4  
Show
View Real Time Build Order
Export as new Build Order

Nyck Terran 

Build Orders:  

Get SALT Encoding   

  12  0:00  SCV  
  13  0:12  SCV  
  14  0:17  Supply Depot  
  14  0:24  SCV  
  15  0:39  SCV, Barracks  
  16  0:51  SCV  
  16  0:52  Refinery  
  16  0:56  Refinery  
  17  1:05  SCV  
  18  1:18  SCV  
  19  1:29  Reaper  
  19  1:31  Barracks  
  20  1:37  Supply Depot  
  20  1:40  Orbital Command  
  20  2:08  SCV  
  21  2:10  Barracks Tech Lab  
  21  2:21  Barracks Reactor  
  21  2:24  Factory  
  21  2:25  SCV  
  22  2:32  Marine  
  23  2:50  Marine  
  24  2:53  SCV  
  25  3:02  Marine x2  
  28  3:05  SCV  
  28  3:09  Starport  
  28  3:15  Starport  
  28  3:37  SCV  
  29  3:42  Marine x2  
  29  3:44  Combat Shield  
  31  3:49  Supply Depot  
  31  3:51  Marine  
  32  3:57  Command Center  
  32  4:03  SCV  
  32  4:06  Starport Tech Lab x2  
  33  4:20  Marine  
  33  4:21  Marine x2  
  36  4:34  Fusion Core  
  36  4:35  SCV  
  37  4:45  Refinery  
  37  4:48  SCV  
  37  4:49  Refinery  
  38  4:58  Marine  
  38  4:59  Marine x2  
  40  5:00  SCV  
  42  5:11  Orbital Command  
  42  5:12  SCV  
  43  5:19  Marine x2  
  43  5:21  Marine  
  45  5:24  SCV  
  47  5:30  Armory  
  47  5:36  SCV  
  47  5:41  SCV  
  49  5:48  SCV  
  50  5:53  SCV  
  50  5:57  Supply Depot  
  51  6:01  SCV  
  52  6:05  SCV  
  52  6:10  Battlecruiser  
  59  6:13  SCV  
  66  6:18  Battlecruiser  
  66  6:19  Supply Depot  
  66  6:21  Terran Vehicle And Ship Armor Level 1  
  66  6:33  Bunker  
  66  6:37  SCV  
  66  6:38  SCV  
  68  6:49  SCV  
  68  6:50  SCV  
  70  6:57  Command Center  
  70  7:10  SCV x2  
  72  7:26  Battlecruiser  
  72  7:29  Engineering Bay  
  78  7:34  Supply Depot  
  78  7:36  Command Center  
  78  7:56  SCV x2, Battlecruiser  
  78  7:58  Supply Depot, Neosteel Armor  
  86  8:13  SCV x2  
  86  8:15  Orbital Command  
  88  8:20  Terran Ship Weapons Level 1  
  88  8:26  SCV x2  
  90  8:27  Armory  
  90  8:37  Refinery  
  90  8:38  SCV x2  
  90  8:39  Refinery  
  92  8:42  SCV  
  92  8:48  Planetary Fortress  
  93  8:53  SCV x2  
  93  8:54  Battlecruiser  
  101  9:02  Supply Depot  
  101  9:23  SCV x3  
  104  9:25  SCV  
  104  9:27  Supply Depot  
  104  9:29  Refinery  
  105  9:32  Battlecruiser  
  105  9:34  Refinery  
  105  9:35  SCV x3  
  105  9:37  SCV  
  115  9:45  Missile Turret  
  115  9:49  Supply Depot  
  115  10:00  Missile Turret  
  115  10:04  Missile Turret  
  115  10:06  SCV x4  
  119  10:09  Missile Turret  
  119  10:16  Missile Turret  
  119  10:18  SCV x2  
  119  10:19  SCV x2  
  129  10:21  Battlecruiser  
  129  10:25  Terran Vehicle And Ship Armor Level 2  
  129  10:26  Missile Turret  
  129  10:28  Terran Ship Weapons Level 2  
  129  10:31  Missile Turret  
  129  10:36  SCV  
  129  10:37  SCV x3, Starport, Missile Turret  
  133  10:48  Supply Depot  
  133  10:49  SCV x4  
  137  10:50  Hi-Sec Auto Tracking  
  137  10:53  Weapon Refit  
  137  11:01  Missile Turret  
  137  11:05  Battlecruiser  
  143  11:13  Starport  
  143  11:18  Starport Tech Lab  
  143  11:21  SCV x4  
  153  11:25  Battlecruiser  
  153  11:27  Supply Depot  
  153  11:35  Command Center  
  152  11:47  Missile Turret  
  152  11:48  SCV x3  
  152  11:49  SCV  
  152  11:50  Supply Depot, Battlecruiser  
  152  11:53  Starport Tech Lab  
  162  12:11  Battlecruiser  
  162  12:14  Supply Depot  
  168  12:33  Missile Turret  
  168  12:36  Supply Depot  
  168  12:42  Missile Turret  
  168  12:52  Battlecruiser  
  168  12:53  Battlecruiser  
  168  12:54  Missile Turret  
  168  12:56  Terran Vehicle And Ship Armor Level 3  
  168  12:57  Terran Ship Weapons Level 3  
  180  13:00  Battlecruiser  
  180  13:03  Missile Turret  
  186  13:12  Supply Depot  
  186  13:17  Missile Turret  
  186  13:25  Missile Turret  
  186  13:35  Supply Depot  
  186  13:38  Command Center  
  186  13:45  Command Center  
  184  13:58  Supply Depot  
  133  15:10  Viking x3  
  133  15:11  Viking  
  117  15:16  Marine x2  
  117  15:17  Marine  
  120  15:25  Refinery  
  120  15:27  Refinery  
  120  15:37  Starport  
  120  15:40  Starport  
  119  16:04  Viking x4  
  121  16:19  Starport  
  121  16:21  Missile Turret x3  
  121  16:34  Viking x4  
  127  16:42  Missile Turret x2  
  127  16:44  Missile Turret  
  118  17:03  Command Center  
  118  17:04  Viking x4  
  118  17:06  SCV x2, Marine  
  118  17:07  Marine x2  
  131  17:11  Starport Reactor x2  
  131  17:12  Starport Reactor  
  131  17:34  Viking x2  
  107  17:56  Viking x2  
  94  18:00  Viking x6  
  94  18:04  Viking x2  
  107  18:06  Supply Depot  
  107  18:19  Orbital Command  
  107  18:26  Viking x2  
  111  18:29  Supply Depot  
  111  18:30  Viking x6  
  157  18:34  Viking x2  
  127  18:52  Supply Depot  
  127  18:56  Viking x2  
  127  19:00  Viking x6  
  143  19:04  Viking x2  
  147  19:15  Supply Depot, Command Center  
  147  19:17  SCV  
  147  19:18  SCV  
  149  19:26  Viking x2  
  149  19:29  SCV  
  149  19:30  SCV, Viking  
  157  19:32  Viking x3  
  157  19:33  Viking  
  165  19:58  Viking x3  
  168  20:08  Viking x2  
  105  20:38  Viking  
  105  20:39  Viking x3  
  87  20:47  Viking  
  89  20:50  Viking  
Show
View Real Time Build Order
Export as new Build Order

Nosta Zerg 

Build Orders: Hatch First, Lurkers, Zergling Baneling 

Get SALT Encoding   

  12  0:00  Drone  
  13  0:12  Overlord  
  13  0:18  Drone  
  14  0:31  Drone x2  
  14  0:35  Drone  
  17  0:46  Drone  
  18  0:56  Hatchery  
  17  0:58  Drone  
  17  1:00  Extractor  
  17  1:14  Spawning Pool  
  17  1:17  Drone  
  17  1:20  Drone  
  18  1:28  Drone  
  19  1:40  Drone  
  20  1:56  Overlord  
  20  2:00  Metabolic Boost  
  20  2:02  Zergling x2  
  20  2:08  Queen, Overlord  
  23  2:16  Queen  
  23  2:22  Drone  
  26  2:24  Drone  
  26  2:27  Drone  
  28  2:31  Drone  
  28  2:35  Drone  
  29  2:45  Drone x2  
  31  2:51  Drone  
  32  2:58  Baneling Nest  
  32  2:59  Drone  
  32  3:02  Burrow  
  32  3:04  Zergling x4  
  34  3:15  Zergling x2  
  34  3:18  Zergling x2  
  36  3:24  Zergling x2  
  36  3:26  Zergling x2  
  38  3:35  Zergling x2  
  38  3:36  Zergling x4  
  38  3:37  Drone  
  38  3:39  Drone  
  43  3:44  Overlord x3  
  43  3:54  Lair  
  43  3:56  Overlord  
  43  4:07  Drone x2  
  43  4:09  Hatchery  
  44  4:10  Zergling x2  
  44  4:13  Baneling x2  
  44  4:14  Baneling  
  45  4:18  Drone x2  
  45  4:19  Drone  
  45  4:24  Drone x2  
  50  4:26  Drone, Baneling  
  50  4:31  Drone x2  
  53  4:35  Baneling x3  
  53  4:50  Drone x4  
  53  4:51  Drone x4  
  61  4:56  Baneling x2  
  61  4:57  Baneling x2  
  61  4:58  Zergling x2  
  62  5:04  Extractor  
  61  5:08  Extractor  
  61  5:11  Spore Crawler  
  61  5:13  Spore Crawler, Drone  
  61  5:14  Drone x2, Spore Crawler, Extractor  
  61  5:19  Drone  
  61  5:21  Queen  
  60  5:22  Drone x2  
  64  5:29  Drone  
  65  5:42  Hydralisk Den  
  65  5:49  Zergling x14  
  72  5:50  Zergling x2  
  72  5:56  Zergling x2  
  73  5:58  Overlord  
  73  5:59  Baneling x3  
  73  6:01  Spore Crawler  
  73  6:02  Spore Crawler  
  71  6:05  Spore Crawler  
  71  6:08  Spore Crawler  
  69  6:11  Zergling x6  
  69  6:12  Zergling x2  
  69  6:16  Spore Crawler  
  69  6:17  Spore Crawler  
  71  6:25  Zergling x12  
  70  6:26  Zergling x2  
  70  6:29  Zergling x2  
  63  6:35  Hydralisk x2  
  63  6:37  Drone  
  66  6:40  Spore Crawler  
  66  6:44  Drone x4, Evolution Chamber  
  68  6:48  Hydralisk  
  68  6:49  Spore Crawler  
  69  6:54  Hydralisk x2  
  72  7:06  Drone  
  72  7:07  Infestation Pit  
  70  7:09  Hydralisk  
  72  7:18  Zerg Missile Weapons Level 1  
  70  7:24  Overlord x5  
  70  7:28  Overlord  
  70  7:29  Overlord x4  
  70  7:35  Lurker Den  
  69  7:37  Overlord  
  69  7:40  Overlord  
  69  7:42  Extractor  
  68  7:45  Extractor  
  68  7:48  Hydralisk x2  
  71  7:51  Baneling x3  
  71  7:54  Drone  
  71  7:55  Drone  
  71  7:57  Drone  
  74  8:00  Hydralisk  
  76  8:06  Muscular Augments  
  76  8:11  Hydralisk x2  
  80  8:20  Hydralisk  
  80  8:21  Hydralisk  
  80  8:26  Hydralisk  
  86  8:28  Drone x3  
  89  8:39  Evolution Chamber, Hydralisk x2  
  92  8:45  Drone  
  92  8:46  Drone x3  
  96  8:49  Drone  
  96  8:50  Drone  
  98  8:59  Infestor  
  98  9:01  Drone x4  
  104  9:03  Drone  
  105  9:13  Nydus Network  
  104  9:17  Hive  
  104  9:22  Hydralisk  
  104  9:23  Hydralisk  
  108  9:33  Zerg Ground Armor Level 1  
  108  9:35  Zerg Missile Weapons Level 2  
  108  9:45  Neural Parasite  
  108  9:47  Drone x5  
  108  9:48  Drone x2  
  115  10:05  Hydralisk  
  115  10:06  Hydralisk x2  
  115  10:07  Hydralisk  
  121  10:11  Hatchery  
  121  10:12  Overlord  
  121  10:13  Overlord  
  122  10:18  Infestor  
  124  10:25  Overlord  
  124  10:26  Overlord x2  
  124  10:28  Hydralisk  
  124  10:30  Infestor  
  128  10:38  Hydralisk x3  
  128  10:40  Overlord  
  134  10:44  Infestor  
  134  10:45  Overlord  
  136  10:51  Hydralisk x2  
  140  11:02  Infestor  
  142  11:11  Drone x7  
  146  11:12  Drone  
  146  11:16  Extractor  
  146  11:17  Infestor  
  146  11:18  Infestor x3  
  157  11:25  Queen  
  159  11:35  Seismic Spines  
  159  11:47  Drone x4  
  159  11:48  Drone x7  
  159  11:49  Drone  
  159  11:51  Lurker x3  
  174  11:58  Overlord  
  174  11:59  Overlord x4  
  174  12:02  Overseer  
  174  12:04  Pneumatized Carapace  
  174  12:06  Drone x2  
  176  12:08  Extractor  
  175  12:21  Lurker x3  
  178  12:32  Adaptive Talons  
  178  12:35  Hydralisk x4  
  186  12:37  Lurker  
  186  12:39  Lurker  
  186  12:41  Drone x4  
  186  12:42  Drone x5  
  197  12:53  Hatchery  
  196  12:59  Lurker x3  
  199  13:13  Spore Crawler  
  199  13:15  Spore Crawler  
  199  13:17  Spore Crawler  
  199  13:18  Infestor x9  
  196  13:40  Baneling  
  171  13:59  Hydralisk  
  171  14:00  Hydralisk x18  
  193  14:08  Zergling x2  
  188  14:14  Hydralisk x4  
  196  14:23  Hydralisk  
  162  14:34  Hydralisk x3  
  162  14:35  Hydralisk x6  
  178  14:41  Infestor x8  
  178  14:45  Hydralisk x5  
  179  14:54  Hydralisk x4  
  179  14:55  Hydralisk  
  183  15:01  Zerg Missile Weapons Level 3  
  181  15:11  Hydralisk x4  
  181  15:13  Zergling x4  
  191  15:19  Zergling x8  
  195  15:28  Drone x4  
  199  15:42  Hydralisk x39  
  199  15:53  Baneling  
  193  16:10  Drone  
  193  16:11  Drone x6  
  198  16:15  Extractor  
  198  16:16  Extractor  
  198  16:17  Zerg Melee Weapons Level 1  
  198  16:33  Infestor x7  
  198  16:45  Drone x2  
  195  17:22  Hydralisk  
  159  17:23  Hydralisk x14  
  152  17:34  Hydralisk  
  152  17:35  Hydralisk x3  
  152  17:36  Hydralisk  
  130  17:37  Zerg Ground Armor Level 2  
  130  17:41  Queen  
  120  17:44  Drone  
  120  17:47  Extractor  
  120  17:50  Drone  
  120  17:51  Drone x3  
  124  17:56  Hydralisk x4  
  124  17:57  Hydralisk  
  134  18:06  Hydralisk x3  
  134  18:07  Infestor x2  
  144  18:17  Hydralisk x2  
  144  18:18  Hydralisk x3  
  154  18:22  Lurker x2  
  154  18:23  Lurker x3  
  159  18:28  Drone  
  159  18:30  Queen  
  159  18:31  Drone x5  
  159  18:32  Drone x4  
  171  18:51  Infestor x2  
  171  18:52  Hatchery  
  171  18:53  Zergling x10  
  171  18:54  Zergling x6  
  182  19:01  Hydralisk x4  
  182  19:02  Hydralisk x4  
  198  19:15  Overseer x3  
  196  19:33  Hatchery  
  195  19:45  Viper  
  192  21:11  Extractor  
  173  21:35  Spine Crawler  
Show
View Real Time Build Order
Export as new Build Order

Alkemisten Protoss 

Build Orders: 1 Gate Expand, Carriers 

Get SALT Encoding   

  12  0:02  Probe  
  13  0:14  Probe  
  14  0:26  Probe  
  15  0:32  Pylon  
  16  0:50  Probe  
  16  0:55  Gateway  
  16  0:57  Gateway  
  16  1:24  Assimilator  
  16  1:39  Nexus  
  16  1:45  Cybernetics Core  
  16  1:57  Pylon  
  16  2:14  Stalker, Pylon  
  16  2:17  Adept  
  18  2:27  Probe  
  21  2:39  Probe  
  22  3:00  Probe  
  22  3:05  Probe  
  23  3:08  Probe  
  23  3:11  Warp Gate  
  25  3:13  Adept, Probe  
  25  3:18  Adept, Probe  
  30  3:22  Probe  
  30  3:26  Assimilator  
  32  3:30  Probe  
  33  3:34  Probe  
  33  3:36  Forge  
  34  4:03  Pylon  
  34  4:09  Pylon  
  34  4:13  Protoss Ground Weapons Level 1  
  34  4:16  Twilight Council  
  34  4:18  Probe  
  34  4:19  Probe  
  34  4:23  Adept x2  
  40  4:30  Probe  
  40  4:31  Probe  
  42  4:41  Robotics Facility  
  42  4:43  Probe  
  43  4:54  Charge  
  43  5:01  Assimilator, Probe x2  
  43  5:05  Assimilator  
  45  5:13  Probe x2  
  47  5:18  Photon Cannon  
  47  5:20  Photon Cannon  
  47  5:24  Photon Cannon  
  47  5:25  Probe x2  
  49  5:29  Pylon  
  49  5:37  Probe  
  50  5:43  Pylon  
  50  5:49  Photon Cannon  
  50  5:51  Photon Cannon  
  50  5:57  Photon Cannon  
  50  6:04  Photon Cannon  
  50  6:06  Observer, Pylon  
  51  6:13  Stargate  
  51  6:23  Photon Cannon  
  51  6:25  Photon Cannon  
  51  6:29  Shield Battery  
  51  6:41  Stargate  
  51  6:42  Pylon  
  51  6:45  Photon Cannon  
  51  6:47  Observer  
  51  6:49  Photon Cannon  
  52  6:56  Stalker x2  
  54  7:19  Phoenix  
  56  7:27  Fleet Beacon  
  56  7:30  Shield Battery, Phoenix  
  56  7:35  Probe x2  
  60  7:39  Observer  
  61  7:47  Phoenix, Probe x2  
  65  7:59  Probe, Phoenix  
  65  8:01  Anion Pulse-Crystals  
  65  8:05  Phoenix  
  68  8:15  Protoss Air Weapons Level 1  
  68  8:18  Phoenix  
  70  8:27  Phoenix  
  72  8:43  Phoenix  
  74  8:50  Nexus  
  74  8:52  Pylon, Phoenix  
  74  8:55  Pylon  
  86  10:02  Tempest  
  86  10:03  Tempest  
  82  10:23  Probe  
  82  10:24  Probe x2  
  82  10:27  Photon Cannon  
  85  10:30  Photon Cannon  
  85  10:35  Photon Cannon  
  85  10:36  Probe  
  85  10:38  Pylon  
  85  10:41  Pylon  
  86  10:44  Shield Battery  
  86  10:47  Shield Battery  
  86  10:48  Pylon  
  86  10:49  Assimilator  
  86  10:52  Assimilator, Tempest  
  86  10:53  Tempest, Pylon  
  86  10:56  Stargate  
  86  11:01  Stargate  
  86  11:02  Stargate  
  94  11:08  Probe x3  
  97  11:20  Probe x2  
  99  11:27  Tempest x2  
  99  11:38  Tempest x2  
  115  12:16  Tempest  
  115  12:17  Tempest  
  115  12:26  Nexus  
  115  12:27  Tempest  
  127  12:30  Pylon  
  127  12:34  Pylon  
  127  12:38  Pylon  
  127  12:41  Pylon  
  127  12:42  Assimilator  
  127  12:46  Assimilator  
  127  12:52  Shield Battery  
  127  12:53  Protoss Air Weapons Level 2  
  127  12:56  Shield Battery  
  127  13:01  Shield Battery  
  127  13:03  Photon Cannon  
  127  13:04  Photon Cannon  
  127  13:07  Unknown, Photon Cannon  
  127  13:09  Photon Cannon  
  127  13:58  Tempest x2  
  127  13:59  Tempest x3  
  147  14:41  Tempest x3  
  130  15:21  Tempest  
  130  15:22  Tempest  
  130  15:24  Tempest, Carrier  
  130  15:25  Carrier  
  154  15:54  Nexus  
  154  15:57  Pylon  
  154  15:59  Pylon  
  154  16:01  Pylon  
  154  16:05  Carrier  
  138  16:56  Carrier x2  
  146  17:13  Observer, Photon Cannon x2  
  146  17:16  Photon Cannon  
  146  17:30  Protoss Air Armor Level 1  
  146  17:38  Observer  
  146  17:40  Carrier  
  139  18:16  Carrier  
  145  18:24  Probe  
  145  18:32  Probe  
  146  18:40  Assimilator  
  147  18:41  Probe  
  148  18:54  Probe  
  149  18:56  Carrier x2  
  161  19:06  Probe  
  162  19:13  Observer  
  169  19:17  Carrier  
  169  19:44  Flux Vanes  
  177  19:46  Void Ray  
  177  19:47  Void Ray  
  177  20:05  Void Ray  
  135  20:51  Void Ray x3  
  135  20:52  Void Ray  
  135  21:04  Nexus  
  135  21:08  Pylon  
  135  21:11  Pylon  
  135  21:15  Pylon  
  123  21:47  Photon Cannon  
Tags
 
Add a new tag
Caveats
  • Supply blocks, unpowered buildings, or Contaminate may cause inaccurate times.
  • Supply counts are checked every 10 seconds.